 Dungeon Crawl Stone Soup version 0.6.0-a1-2286-g4224dfb character file.

1473745 hyperbolic the Blinker (level 25, 141/141 HPs)
             Began as a Halfling Wizard on Jan 12, 2010.
             Was the Champion of Vehumet.
             Escaped with the Orb
             ... and 3 runes (of 3 types) on Jan 15, 2010!
             The game lasted 08:53:07 (71043 turns).

hyperbolic the Blinker (Halfling Wizard)           Turns: 71043, Time: 08:53:07

HP 141/141       AC 15     Str 13 Exp: 25/723998 (0), need: 26502
MP  36/36        EV 35     Int 25      God: Vehumet [******]
Gold 2793        SH 13     Dex 23      Spells: 13 memorised,  1 level left

Res.Fire  : + + .   See Invis. : +   a - +2 dagger of Cetonwut {slay orc, rElec}
Res.Cold  : + . .   Warding    : .   W - +3 robe {rF+}
Life Prot.: + . .   Conserve   : .   F - -5 buckler of Dega {Dex+4 Dam+2}
Res.Poison: +       Res.Corr.  : .   Q - +2 winged helmet {Int+3}
Res.Elec. : +       Clarity    : .   w - +2 cloak Spirit.Shd: .
                                     Y - +0 pair of gloves of Brasm {+Blink +Lev rP
Sust.Abil.: .       Rnd.Telep. : .   n - +3 pair of boots of Nuutrom {rC+ EV+3 Stlt Res.Mut. : + Ctrl.Telep.: . D - amulet "Jiebbasuo" {rMut EV+4 Str+5} Res.Rott. : . Levitation : + A - ring of protection from fire Saprovore : . . . Ctrl.Flight: + u - ring of Shadows {+Inv rN+ EV+4 Acc-3 SInv

@: flying, slightly glowing, very quick, hasted, very resistant to magic,
incredibly stealthy
A: carnivore 1, slow metabolism 1, deformed body 1, -10% mp
a: Renounce Religion, Evoke Blink, Evoke Invisibility, Stop Levitating


You escaped.
You worshipped Vehumet.
Vehumet was exalted by your worship.
You were not hungry.

You visited 10 branches of the dungeon, and saw 70 of its levels.
You visited 1 Labyrinth.

You collected 5955 gold pieces.
You spent 3182 gold pieces at shops.

Inventory:

Hand weapons
 a - the +2,+2 dagger of Cetonwut (weapon) {slay orc, rElec}
   (You found it on level 5 of the Crypt)

   It is especially effective against all of orcish descent.
   It insulates you from electricity.
 b - a +3,+4 dagger of electrocution (quivered)
 h - a +0,+0 blowgun
Missiles
 I - 25 curare-tipped +2 needles
Armour
 n - the +3 pair of boots of Nuutrom (worn) {rC+ EV+3 Stlth+}
   (You found it on level 19 of the Dungeon)

   It affects your evasion (+3).
   It protects you from cold.
   It makes you much more stealthy.
 w - a +2 cloak (worn)
 F - the -5 buckler of Dega (worn) {Dex+4 Dam+2}
   (You bought it in a shop on level 6 of the Lair of Beasts)

   It affects your dexterity (+4).
   It affects your damage-dealing abilities (+2).
 Q - a +2 winged helmet of intelligence (worn)
 W - a +3 robe of fire resistance (worn)
 Y - the +0 pair of gloves of Brasm (worn) {+Blink +Lev rPois Acc+4}
   (You found it on level 5 of the Crypt)

   It affects your accuracy (+4).
   It protects you from poison.
   It lets you levitate.
   It lets you blink.
Magical devices
 l - a wand of healing (9)
 p - a wand of digging (18)
 t - a wand of teleportation (8)
 T - a wand of draining (12)
Comestibles
 r - a royal jelly
 v - 2 meat rations
Scrolls
 B - 7 scrolls of blinking
 K - a scroll of magic mapping
 M - 6 scrolls of teleportation
Jewellery
 c - the amulet "Fitaczur" {Gourm +Blink +Lev rElec rN+}
   (You found it on level 8 of the Vaults)

   [amulet of the gourmand]

   It insulates you from electricity.
   It protects you from negative energy.
   It lets you levitate.
   It lets you blink.
 f - an uncursed ring of wizardry
 g - the amulet "Thruocunuch" {Cons +Rage AC+3}
   (You acquired it on level 4 of the Crypt)

   [amulet of conservation]

   It affects your AC (+3).
   It lets you go berserk.
 i - the ring of the Original Sin {rN+ MR}
   (You found it on level 7 of the Lair of Beasts)

   [ring of life protection]

   It increases your resistance to enchantments.
 q - an uncursed ring of teleportation
 u - the ring of Shadows (left hand) {+Inv rN+ EV+4 Acc-3 SInv Stlth+}
   (You found it on level 24 of the Dungeon)

   [ring of invisibility]

   It affects your evasion (+4).
   It affects your accuracy (-3).
   It protects you from negative energy.
   It enhances your eyesight.
   It makes you much more stealthy.
 A - a ring of protection from fire (right hand)
 D - the amulet "Jiebbasuo" (around neck) {rMut EV+4 Str+5}
   (You found it on level 3 of the Snake Pit)

   [amulet of resist mutation]

   It affects your evasion (+4).
   It affects your strength (+5).
 P - an uncursed amulet of stasis
 R - an uncursed amulet of resist corrosion
Potions
 d - a potion of brilliance
 e - 11 potions of healing
 k - 2 potions of magic
 m - 2 potions of resistance
 E - a potion of agility
 G - 11 potions of heal wounds
 S - 2 potions of speed
Orbs of Power
 j - the Orb of Zot
Miscellaneous
 o - a silver rune of Zot
 x - a barnacled rune of Zot
 y - a serpentine rune of Zot
 V - a crystal ball of energy You had 0 experience left.


   Skills:
 - Level 9 Fighting
 - Level 12 Short Blades
 + Level 14 Dodging
 + Level 13 Stealth
 - Level 13 Stabbing
 + Level 5 Shields
 + Level 2 Traps & Doors
 + Level 14 Spellcasting
 + Level 14 Conjurations
 - Level 14 Enchantments
 - Level 1 Necromancy
 - Level 15 Translocations
 - Level 2 Fire Magic
 - Level 6 Ice Magic
 - Level 5 Air Magic
 - Level 9 Poison Magic
 + Level 11 Evocations


You had one spell level left.
You knew the following spells:

 Your Spells              Type           Power        Success   Level
a - Poison Arrow          Pois/Conj      #######...   Excellent   6
b - Orb of Destruction    Conj           #######...   Excellent   7
c - Regeneration          Ench/Necr      #######...   Excellent   3
d - Phase Shift           Tloc           #######...   Excellent   5
e - Ensorcelled Hibernat  Ice/Ench       #######      Excellent   2
f - Flight                Air/Ench       #######...   Excellent   4
r - Repel Missiles        Air/Ench       #######...   Excellent   2
s - Swiftness             Air/Ench       #######...   Excellent   2
v - Blink                 Tloc           N/A          Perfect     2
A - Apportation           Tloc           #######...   Perfect     1
H - Haste                 Ench           #######...   Excellent   6
M - Selective Amnesia     Ench           N/A          Excellent   4
V - Controlled Blink      Tloc           N/A          Great       7

Overview of the Dungeon

Branches:
Temple (1/1): D:6 Orc (4/4): D:9 Elf (0/7): Orc:4 Lair (8/8): D:9 Shoal (5/5): Lair:5 Slime (0/6): Lair:6 Snake (5/5): Lair:4 Hive (2/2): D:14 Vault (8/8): D:18 Blade (0/1): Vault:6 Crypt (5/5): Vault:3 Tomb (0/3): Crypt:3 Zot (5/5): D:27

Altars:
The Shining One: D:5, D:14 Kikubaaqudgha: D:3 Yredelemnul: Snake:2 Trog: D:22 Elyvilon: D:2, D:3 Beogh: Orc:2, Orc:4* Fedhas: Lair:1 Cheibriados: Snake:1

Shops:
D:5: ? D:7: = D:11: ! D:14: ? D:17: / Orc:2: ! Orc:4: ! Lair:2: + Lair:4: ( Lair:6: [/[=? Shoal:1: * Shoal:5: [/ Snake:2: ( Vault:8: !

Portals:
Hell: D:21 D:22 D:23 D:24 D:25 D:26 D:27
Abyss: D:21 D:23 D:25 D:26
Pan: D:22 D:24 D:26 D:27
Ziggurat: D:27 (5750 gp) Level Annotations Dungeon 4: 1 exclusion Lair 7: 1 exclusion Snake Pit 5: 1 exclusion Crypt 5: 5 exclusions


Innate Abilities, Weirdness & Mutations

You have a slow metabolism.
Your digestive system is specialised to digest meat.
Armour fits poorly on your deformed body.
Your magical capacity is low (-10% MP).


Message History

This wand has 18 charges left.
There is some deep water here.
There is a stone staircase leading up here.
Your body shudders with the violent release of wild energies!
You partially resist.
You feel drained.
You feel less energetic.

### #@## #..##
## ##...###{#
#.....{{{#
#####..{{{{{{#
#{{{{{{{{{{.##
{{{{{{{{..##.##
{{##.......##.##
#
#........###.##


There were no monsters in sight!

Vanquished Creatures
  Saint Roka (Vault:1)
  2 curse toes (Crypt:5)
  Mara (Crypt:3)
  Xtahua (D:26)
  Frederick (Vault:4)
  A golden dragon (Zot:5)
  An acid blob (D:21)
  A curse skull (Crypt:4)
  Nikola (Shoal:1)
  2 titans (Vault:8)
  6 shadow dragons (Vault:8)
  A lich (D:27)
  Agnes (D:15)
  Duane (Vault:1)
  2 storm dragons
  Frances (Vault:4)
  Francis (Vault:5)
  Aizul (D:16)
  3 azure jellies (D:21)
  5 frost giants
  3 skeletal dragons
  A tentacled monstrosity (Zot:5)
  Louise (D:14)
  2 fire giants (D:26)
  A quicksilver dragon skeleton (Crypt:3)
  16 stone giants
  A fire giant (shapeshifter) (Vault:8)
  A Blue Death (D:9)
  A quicksilver dragon zombie (Crypt:5)
  Jozef (Lair:6)
  Azrael (D:15)
  A greater naga (Snake:5)
  A titan skeleton (Crypt:4)
  A vampire knight (Crypt:5)
  Snorg (Vault:1)
  20 vault guards
  A minotaur (Lab)
  26 yaktaur captains
  3 storm dragon skeletons
  2 sirens (Shoal:5)
  Erica (Lair:4)
  The ghost of meneril the Scorcher, a powerful HEWz of Okawaru (D:12)
  8 ogre magi
  2 dragons (shapeshifter) (Vault:8)
  A dragon (Vault:4)
  5 death yaks (Lair:8)
  Josephine (D:11)
  An ice dragon (Zot:2)
  4 death oozes (D:21)
  Wayne (Vault:4)
  The ghost of Ahrin the Spry, a powerful SpBe of Trog (Lair:5)
  Harold (D:10)
  4 merfolk javelineers (Shoal:5)
  A golden dragon skeleton (D:26)
  The ghost of minced the Martial Artist, a powerful SETm of Kikubaaqudgha (Lair:5)
  Nessos (Orc:3)
  An alligator snapping turtle (Shoal:5)
  3 anacondas
  Nergalle (Orc:3)
  6 griffons
  A shadow dragon skeleton (Crypt:2)
  A storm dragon zombie (Vault:2)
  3 merfolk impalers
  9 hydras
  A frost giant skeleton (D:25)
  3 very ugly things
  21 deep trolls
  8 stone giant skeletons
  An orc high priest (D:22)
  15 centaur warriors
  A deep troll (shapeshifter) (D:27)
  3 deep elf knights
  4 elephant slugs
  5 harpies (Shoal:5)
  2 draconians (shapeshifter)
  Joseph (Orc:1)
  4 iron trolls
  8 flayed ghosts
  8 naga warriors
  3 hell knights (Vault:8)
  67 skeletal warriors
  2 sea snakes (Shoal:5)
  A death yak skeleton (Crypt:4)
  3 stone giant zombies
  2 wizards
  7 unseen horrors
  11 orc knights
  Erolcha (Orc:3)
  2 vampire magi (Crypt:4)
  7 necromancers
  An iron troll skeleton (Vault:5)
  A guardian serpent (Snake:5)
  13 hill giants
  2 giant amoebae
  A lindwurm (shapeshifter) (Vault:8)
  Urug (D:16)
  A harpy skeleton (Crypt:3)
  4 orc sorcerers
  An alligator snapping turtle zombie (Crypt:3)
  A siren skeleton (Crypt:3)
  4 cyclopes
  A trapdoor spider (shapeshifter) (D:17)
  A death drake skeleton (Crypt:2)
  A trapdoor spider (D:16)
  A cyclops (shapeshifter) (Vault:8)
  2 purple draconian zombies
  5 spectral warriors
  A green draconian zombie (Crypt:4)
  5 wolf spiders
  2 moths of wrath
  A black draconian zombie (Crypt:4)
  A red draconian zombie (Crypt:1)
  A dragon skeleton (Crypt:4)
  A moth of wrath (shapeshifter) (Vault:7)
  33 slime creatures
  Maurice (D:8)
  A mottled draconian zombie (Crypt:4)
  A mimic (D:16)
  27 black mambas
  An iron troll zombie (D:22)
  A griffon skeleton (Vault:1)
  3 hydra zombies
  An ice dragon skeleton (D:16)
  A giant toad skeleton (D:18)
  A harpy zombie (Vault:3)
  A yaktaur (shapeshifter) (D:19)
  A death drake zombie (Crypt:3)
  2 black mamba skeletons
  12 giant toads
  10 mermaids
  14 rock trolls
  A rock troll (shapeshifter) (D:26)
  51 yaktaurs
  91 ugly things
  Donald (D:12)
  A hill giant skeleton (D:21)
  A guardian serpent zombie (Crypt:3)
  A dragon zombie (Crypt:2)
  A troll (shapeshifter) (D:14)
  2 red wasp zombies
  2 giant toad zombies
  A komodo dragon (shapeshifter) (D:18)
  15 naga magi
  An efreet (D:18)
  2 spiny worm zombies
  17 two-headed ogres
  8 komodo dragons
  7 trolls
  Sonja (Orc:2)
  A redback (D:23)
  An ettin (Vault:1)
  2 queen bees
  5 snapping turtles (Shoal:5)
  2 wandering mushrooms
  A deep troll skeleton (Vault:3)
  2 rock troll skeletons
  4 rotting hulks
  A spiny frog skeleton (Crypt:5)
  3 hill giant zombies
  7 giant snails
  A queen ant zombie (Crypt:2)
  An eye of devastation (shapeshifter) (D:16)
  2 grizzly bears
  3 bumblebees (Vault:7)
  A shark (Shoal:5)
  56 yaks
  5 blink frogs (Lair:8)
  12 spiny frogs
  A snapping turtle skeleton (Crypt:4)
  4 brown oozes (D:21)
  A vampire (Crypt:4)
  3 bears
  5 hippogriffs
  4 hungry ghosts
  A lindwurm skeleton (Crypt:4)
  4 blink frog skeletons
  3 wyverns
  3 rock troll zombies
  2 deep troll zombies
  A giant slug (shapeshifter) (D:16)
  8 giant slugs
  Eustachio (Orc:3)
  A giant snail zombie (Crypt:5)
  4 vipers
  23 merfolk
  A snapping turtle zombie (Crypt:4)
  A fire drake skeleton (Crypt:4)
  2 fire elementals (D:14)
  10 war dogs
  5 giant blowflies
  10 manticores
  4 hell hounds
  3 fire drakes
  A manticore (shapeshifter) (Vault:3)
  A redback zombie (Crypt:3)
  8 insubstantial wisps (D:27)
  A deep elf fighter (Vault:6)
  18 wraiths
  4 mottled dragons
  8 draconian skeletons
  48 orc warriors
  2 wyvern skeletons
  A viper zombie (Crypt:4)
  A swamp dragon zombie (Crypt:4)
  3 cyclops skeletons
  A hog zombie (Crypt:4)
  10 freezing wraiths
  2 soldier ants
  A manticore skeleton (D:11)
  18 necrophages
  2 phantoms
  6 giant blowfly zombies
  3 elf zombies
  A yak skeleton (Crypt:4)
  19 big kobolds
  25 centaurs
  An ettin skeleton (Crypt:5)
  A giant goldfish (D:20)
  3 giant slug zombies
  A yaktaur zombie (D:16)
  A steam dragon (D:10)
  34 ogres
  A yellow wasp (D:16)
  5 ice beasts
  A cyclops zombie (Crypt:5)
  A warg (shapeshifter) (D:18)
  Sigmund (D:7)
  Duvessa (D:6)
  3 gila monsters
  46 nagas
  11 giant lizards
  4 wargs
  4 wyvern zombies
  8 giant frog skeletons
  33 water moccasins
  A troll zombie (D:11)
  A wolf skeleton (Crypt:5)
  4 centaur skeletons
  4 ghouls
  A queen bee zombie (Crypt:4)
  2 polar bear zombies
  A silver statue (Crypt:5)
  2 water moccasin skeletons
  3 warg skeletons
  16 giant frogs
  2 brain worms
  A black bear skeleton (Crypt:5)
  A giant frog (shapeshifter) (Vault:3)
  A bumblebee zombie (D:22)
  A yak zombie (Crypt:3)
  A draconian simulacrum (Crypt:5)
  An ettin zombie (Crypt:1)
  A two-headed ogre skeleton (Crypt:1)
  2 boulder beetle zombies
  3 giant frog zombies
  4 boulder beetles
  3 jellyfish (D:17)
  30 killer bees
  A yellow wasp zombie (Crypt:4)
  10 electric eels
  An ogre skeleton (Crypt:4)
  A soldier ant zombie (Crypt:4)
  A giant slug simulacrum (Vault:2)
  A water moccasin zombie (Crypt:2)
  10 hounds
  A pulsating lump (shapeshifter) (Vault:8)
  6 big kobold skeletons
  4 giant lizard skeletons
  Dowan (D:6)
  6 imps
  3 big fish
  A troll simulacrum (D:16)
  6 giant beetles
  2 hound skeletons
  Crazy Yiuf (D:6)
  26 orc priests
  A giant leech zombie (Crypt:4)
  14 wights
  20 giant ants
  12 giant iguanas
  A brain worm zombie (Crypt:2)
  A killer bee zombie (Crypt:4)
  2 naga skeletons
  2 deep elf soldiers (D:27)
  8 orange rats
  31 orc wizards
  7 scorpions
  2 quasits
  4 ballistomycetes
  A mottled dragon zombie (D:11)
  A hound zombie (Crypt:5)
  3 sheep (D:14)
  A steam dragon skeleton (Crypt:5)
  Ijyb (D:4)
  3 shadows
  A giant ant zombie (D:10)
  An orange rat zombie (Crypt:4)
  13 boggarts
  18 jellies
  A mummy (Crypt:2)
  2 worm zombies
  A boggart (shapeshifter) (Vault:8)
  A human zombie (Crypt:4)
  A flying skull (Crypt:5)
  4 gnolls (D:9)
  43 snakes
  A hound simulacrum (Lair:7)
  A sheep skeleton (Crypt:4)
  A giant beetle zombie (Crypt:3)
  2 giant iguana skeletons
  A shadow imp (Crypt:5)
  A snake skeleton (Crypt:3)
  2 worms
  7 giant centipedes
  A green rat (shapeshifter) (Vault:8)
  3 giant mites
  A giant mite (shapeshifter) (Vault:8)
  18 green rats
  A giant centipede zombie (D:11)
  A giant iguana zombie (Crypt:2)
  2 scorpion zombies
  A snake zombie (D:7)
  An ufetubus (Crypt:5)
  2 giant bat skeletons
  50 grey rats
  A gnoll skeleton (Crypt:5)
  A sheep simulacrum (Lair:7)
  8 giant eyeballs
  11 giant geckos
  48 giant bats
  6 giant cockroaches
  3 giant mite zombies
  23 goblins
  28 hobgoblins
  39 jackals
  57 kobolds
  15 oozes
  213 orcs
  12 quokkas
  5 small snakes
  A giant cockroach zombie (Crypt:2)
  9 giant newts
  A giant newt skeleton (Crypt:2)
  2 giant newt zombies
  2 giant spores
  A goblin skeleton (Crypt:2)
  A grey rat zombie (Crypt:2)
  6 killer bee larvae (D:14)
  2 kobold skeletons (Vault:6)
  A kobold zombie (Crypt:2)
  2 orc skeletons
  An orc zombie (D:16)
  A quokka skeleton (Crypt:3)
  31 rats
  4 rat skeletons
  2 rat zombies (Crypt:4)
  A small snake zombie (Crypt:4)
  A bush (Lair:6)
  3 fungi
  6 plants
  57 toadstools
2367 creatures vanquished.

Vanquished Creatures (collateral kills)
  A vault guard (D:18)
  An ugly thing (D:15)
  A giant slug (D:18)
  A giant frog (D:7)
  5 killer bees (D:9)
  A mummy (D:18)
  2 goblins
  13 orcs
  3 killer bee larvae (D:9)
  7 kobolds
35 creatures vanquished.

Vanquished Creatures (others)
  6 slime creatures (D:18)
  A naga mage (Snake:5)
  A blink frog skeleton (Vault:5)
  2 war dogs (D:9)
  A water moccasin (Snake:5)
  10 killer bees
  A hound (D:9)
  4 grey rats
  A jackal (D:3)
  A giant newt (D:2)
  A hobgoblin skeleton (Crypt:4)
  A rat (D:7)
  2 orbs of destruction
  399 toadstools
431 creatures vanquished.

Grand Total: 2833 creatures vanquished

Notes
Turn   | Place    | Note
--------------------------------------------------------------
     0 | D:1      | hyperbolic, the Halfling Wizard, began the quest for the Orb.
     0 | D:1      | Reached XP level 1. HP: 6/6 MP: 5/5
    40 | D:1      | Reached skill 1 in Conjurations
   265 | D:1      | Reached XP level 2. HP: 10/10 MP: 4/7
   893 | D:1      | Reached XP level 3. HP: 16/16 MP: 7/8
   898 | D:1      | Learned a level 3 spell: Conjure Flame
  1152 | D:1      | Learned a level 2 spell: Throw Flame
  1766 | D:2      | Found a white marble altar of Elyvilon.
  2022 | D:2      | Reached XP level 4. HP: 20/20 MP: 3/10
  2329 | D:2      | Reached skill 4 in Conjurations
  3134 | D:4      | Reached XP level 5. HP: 25/25 MP: 2/11
  3230 | D:2      | Learned a level 3 spell: Mephitic Cloud
  3380 | D:3      | Found an ancient bone altar of Kikubaaqudgha.
  3800 | D:3      | Reached skill 5 in Conjurations
  4408 | D:3      | Found a white marble altar of Elyvilon.
  5046 | D:3      | Reached XP level 6. HP: 30/30 MP: 10/14
  5064 | D:2      | Reached skill 1 in Poison Magic
  5065 | D:2      | Reached skill 1 in Air Magic
  5861 | D:5      | Entered Level 5 of the Dungeon
  5886 | D:4      | Noticed Ijyb
  5900 | D:4      | Defeated Ijyb
  6253 | D:4      | Reached skill 6 in Conjurations
  6418 | D:5      | Found Yzxenuno's Magic Scroll Boutique.
  6422 | D:5      | Bought a scroll of random uselessness for 2 gold pieces
  6422 | D:5      | Bought a scroll of enchant armour for 57 gold pieces
  6621 | D:4      | Reached skill 1 in Short Blades
  6838 | D:5      | Reached XP level 7. HP: 29/35 MP: 4/16
  7106 | D:5      | Learned a level 2 spell: Blink
  7131 | D:5      | Reached skill 1 in Stabbing
  7145 | D:5      | Found a glowing golden altar of the Shining One.
  7630 | D:6      | Found a staircase to the Ecumenical Temple.
  7633 | D:6      | Noticed Dowan
  7635 | D:6      | Noticed Duvessa
  7652 | D:6      | Defeated Duvessa
  7652 | D:6      | Reached XP level 8. HP: 39/39 MP: 13/19
  7658 | D:6      | Defeated Dowan
  7662 | Temple   | Entered the Ecumenical Temple
  7853 | Temple   | Became a worshipper of Vehumet
  8448 | D:6      | Noticed Crazy Yiuf
  8475 | D:6      | Defeated Crazy Yiuf
  8766 | D:7      | Reached skill 7 in Conjurations
  8785 | D:7      | Reached skill 1 in Fighting
  8920 | D:7      | Acquired Vehumet's first power
  8940 | D:7      | Noticed Sigmund
  8956 | D:7      | Defeated Sigmund
  9032 | D:7      | Reached XP level 9. HP: 39/46 MP: 20/20
  9441 | D:7      | Reached XP level 10. HP: 45/53 MP: 11/21
  9476 | D:7      | Acquired Vehumet's second power
  9701 | D:8      | Reached skill 8 in Conjurations
 10139 | D:8      | You fall through a shaft!
 10139 | D:10     | Entered Level 10 of the Dungeon
 10486 | D:9      | Got a fine leather armour
 10497 | D:9      | Identified the -4 leather armour of the Trees (You found it on level 9 of the Dungeon)
 10665 | D:8      | Noticed Maurice
 10680 | D:8      | Reached skill 5 in Dodging
 10682 | D:8      | Reached skill 5 in Spellcasting
 10698 | D:8      | Defeated Maurice
 10961 | D:7      | Found Tucwe's Jewellery Emporium.
 10979 | D:7      | Bought an uncursed amulet of inaccuracy for 1 gold piece
 11038 | D:8      | Reached skill 5 in Short Blades
 11088 | D:8      | Reached skill 9 in Conjurations
 11485 | D:9      | Acquired Vehumet's third power
 11581 | D:9      | Found a staircase to the Lair.
 11649 | D:9      | Found a staircase to the Orcish Mines.
 11682 | D:9      | Noticed a queen bee
 11698 | D:9      | Defeated a queen bee
 11709 | D:9      | Reached XP level 11. HP: 40/60 MP: 20/23
 11999 | D:9      | Reached skill 10 in Conjurations
 12417 | D:9      | Identified a scroll of acquirement
 12574 | Lair:1   | Entered Level 1 of the Lair of Beasts
 12593 | Lair:1   | Found a blossoming altar of Fedhas.
 12594 | Lair:1   | Reached skill 5 in Stealth
 12610 | Lair:1   | Acquired Vehumet's fourth power
 12956 | Lair:1   | Learned a level 4 spell: Iskenderun's Mystic Blast
 13230 | Lair:1   | Learned a level 2 spell: Ensorcelled Hibernation
 13247 | Lair:1   | Reached skill 1 in Enchantments
 13734 | Lair:1   | Reached skill 1 in Ice Magic
 14047 | Lair:2   | Learned a level 4 spell: Selective Amnesia
 14051 | Lair:2   | Learned a level 2 spell: Repel Missiles
 14312 | Lair:2   | Reached skill 5 in Enchantments
 14385 | Lair:2   | Reached skill 5 in Stabbing
 14540 | Lair:2   | Found Ruxu's Book Emporium.
 14802 | Lair:3   | Got a heavily runed robe
 14810 | Lair:3   | Identified the cursed -4 robe "Care" (You found it on level 3 of the Lair of Beasts)
 15332 | Lair:3   | Reached XP level 12. HP: 68/68 MP: 25/26
 16020 | Lair:4   | Found a staircase to the Snake Pit.
 16021 | Lair:4   | Noticed Erica
 16092 | Lair:4   | Found Behe's Weapon Boutique.
 16118 | Lair:4   | Reached XP level 11. HP: 63/63 MP: 12/24
 16120 | Lair:4   | Reached XP level 12. HP: 59/68 MP: 10/26
 16865 | Lair:5   | Found a staircase to the Shoals.
 16935 | Lair:5   | Noticed minced's ghost
 16949 | Lair:5   | Noticed Ahrin's ghost
 16980 | Lair:5   | Defeated minced's ghost
 17144 | Lair:6   | Found Twoarche's Magical Wand Emporium.
 17146 | Lair:6   | Found Rerewefe's Antique Armour Emporium.
 17175 | Lair:6   | Reached skill 5 in Poison Magic
 17192 | Lair:6   | Bought an ichor-stained robe for 131 gold pieces
 17192 | Lair:6   | Bought a smoking buckler for 172 gold pieces
 17200 | Lair:6   | Identified the +3 robe of Pnoeph (You bought it in a shop on level 6 of the Lair of Beasts)
 17210 | Lair:6   | Identified the cursed -5 buckler of Dega (You bought it in a shop on level 6 of the Lair of Beasts)
 17230 | Lair:6   | Bought a wand of teleportation (10) for 330 gold pieces
 17231 | Lair:6   | Bought a wand of cold (11) for 268 gold pieces
 17340 | Lair:5   | Noticed a wolf spider
 17341 | Lair:5   | Defeated a wolf spider
 17370 | Lair:5   | Reached skill 1 in Evocations
 17374 | Lair:5   | Defeated Ahrin's ghost
 17600 | Lair:5   | Reached skill 10 in Stabbing
 17803 | Lair:5   | Reached skill 5 in Fighting
 17992 | Lair:6   | Found Omaafal's Jewellery Shoppe.
 17999 | Lair:6   | Noticed Jozef
 18005 | Lair:6   | Defeated Jozef
 18123 | Lair:6   | Found a staircase to the Slime Pits.
 18209 | Lair:6   | Found Clep's Armour Boutique.
 18476 | Lair:6   | Found Ghiups' Magic Scroll Shop.
 18564 | Lair:6   | Learned a level 4 spell: Sticky Flame
 18701 | Lair:6   | Reached XP level 13. HP: 59/75 MP: 12/28
 18861 | Lair:7   | Reached skill 1 in Traps & Doors
 18960 | Lair:7   | Got a heavily runed steel ring
 18961 | Lair:7   | Identified the ring of the Original Sin (You found it on level 7 of the Lair of Beasts)
 19401 | Lair:7   | Reached skill 10 in Enchantments
 19632 | Lair:8   | Entered Level 8 of the Lair of Beasts
 19832 | Lair:8   | Reached skill 1 in Shields
 20170 | Lair:8   | Reached skill 11 in Enchantments
 20399 | Lair:8   | Received a gift from Vehumet
 20706 | Lair:8   | Reached XP level 14. HP: 66/79 MP: 14/30
 21230 | Lair:2   | Learned a level 6 spell: Haste
 21356 | Lair:2   | Reached skill 12 in Enchantments
 21506 | Lair:4   | Defeated Erica
 21870 | Lair:2   | TGW: I appreciate your robe
 21870 | Lair:2   | it is pretty nice, yeah
 21906 | Orc:1    | Entered Level 1 of the Orcish Mines
 22048 | Orc:1    | Noticed Joseph
 22070 | Orc:1    | Defeated Joseph
 22499 | Orc:2    | Noticed Sonja
 22504 | Orc:2    | Defeated Sonja
 22930 | Orc:2    | Found a roughly hewn altar of Beogh.
 23159 | Orc:2    | Found Buarph's Distillery.
 23576 | Orc:3    | Noticed Eustachio
 23582 | Orc:3    | Defeated Eustachio
 23896 | Orc:3    | Noticed Nergalle
 23945 | Orc:3    | Defeated Nergalle
 24009 | Orc:3    | Noticed Erolcha
 24014 | Orc:3    | Defeated Erolcha
 24225 | Orc:4    | Entered Level 4 of the Orcish Mines
 24241 | Orc:4    | Found a staircase to the Elven Halls.
 24496 | Orc:3    | Noticed Nessos
 24517 | Orc:3    | Defeated Nessos
 24699 | Orc:4    | Found Sesoat's Distillery.
 24699 | Orc:4    | Found a roughly hewn altar of Beogh.
 24718 | Orc:4    | Bought a potion of heal wounds for 36 gold pieces
 24718 | Orc:4    | Bought a potion of speed for 30 gold pieces
 24718 | Orc:4    | Bought 2 potions of heal wounds for 72 gold pieces
 24882 | Orc:4    | Received a gift from Vehumet
 24932 | Orc:4    | Found a roughly hewn altar of Beogh.
 25696 | D:10     | Noticed Harold
 25711 | D:10     | Defeated Harold
 26402 | D:11     | Found Chiq's Distillery.
 26422 | D:11     | Bought 2 potions of speed for 55 gold pieces
 26422 | D:11     | Bought a potion of speed for 27 gold pieces
 26479 | D:11     | Noticed a manticore skeleton
 26480 | D:11     | Noticed Josephine
 26482 | D:11     | Noticed a hound skeleton
 26523 | D:11     | Defeated a hound skeleton
 26557 | D:11     | Defeated a manticore skeleton
 26598 | D:11     | Defeated Josephine
 26747 | D:12     | Noticed meneril's ghost
 26816 | D:12     | Defeated meneril's ghost
 27336 | D:12     | Reached XP level 15. HP: 84/87 MP: 13/31
 27511 | D:12     | Noticed Donald
 27516 | D:12     | Defeated Donald
 27517 | D:12     | Reached skill 10 in Spellcasting
 27754 | D:13     | Received a gift from Vehumet
 28301 | D:14     | Found a glowing golden altar of the Shining One.
 28337 | D:14     | Noticed Louise
 28355 | D:14     | Defeated Louise
 28842 | D:14     | Found Klo Suce's Magic Scroll Emporium.
 28921 | D:14     | Found a staircase to the Hive.
 29413 | D:15     | Entered Level 15 of the Dungeon
 29664 | D:15     | Noticed Azrael
 29664 | D:15     | Noticed a fire elemental
 29664 | D:15     | Noticed a fire elemental
 29668 | D:14     | Defeated a fire elemental
 29678 | D:14     | Defeated a fire elemental
 30596 | D:16     | Noticed Urug
 30598 | D:16     | Defeated Urug
 31503 | D:16     | Reached XP level 16. HP: 59/91 MP: 33/33
 31977 | D:16     | Noticed Aizul
 31989 | D:16     | Defeated Aizul
 32101 | D:16     | Reached skill 13 in Conjurations
 32110 | D:16     | Learned a level 6 spell: Poison Arrow
 32249 | D:16     | Received a gift from Vehumet
 32524 | D:15     | Noticed Agnes
 32527 | D:15     | Reached skill 10 in Dodging
 32528 | D:15     | Defeated Azrael
 32797 | D:16     | Reached skill 5 in Evocations
 32924 | D:15     | Defeated Agnes
 34193 | D:17     | Found Crimp's Magical Wand Shoppe.
 35074 | D:18     | Found a staircase to the Vaults.
 35111 | D:18     | Reached XP level 17. HP: 86/95 MP: 25/33
 35235 | D:18     | Reached skill 10 in Evocations
 35644 | D:17     | Received a gift from Vehumet
 35951 | D:18     | Reached skill 5 in Translocations
 36543 | Snake:1  | Entered Level 1 of the Snake Pit
 36692 | Snake:1  | Found a snail-covered altar of Cheibriados.
 37671 | Snake:2  | Found a basalt altar of Yredelemnul.
 37832 | Snake:2  | Found Kuat's Antique Weapon Shop.
 38446 | Snake:3  | Got a flickering crystal amulet
 38447 | Snake:3  | Identified the amulet "Jiebbasuo" (You found it on level 3 of the Snake Pit)
 38545 | Snake:3  | Reached skill 5 in Ice Magic
 39752 | Snake:5  | Entered Level 5 of the Snake Pit
 40076 | Hive:1   | Entered Level 1 of the Hive
 40155 | Hive:2   | Entered Level 2 of the Hive
 40234 | Vault:1  | Entered Level 1 of the Vaults
 40759 | Vault:1  | Noticed Snorg
 40763 | Vault:1  | Noticed Duane
 40769 | Vault:1  | Defeated Snorg
 40769 | Vault:1  | Reached XP level 18. HP: 104/104 MP: 35/35
 40795 | Vault:1  | Defeated Duane
 40861 | Vault:1  | Noticed Saint Roka
 41181 | Vault:1  | Defeated Saint Roka
 41203 | Vault:1  | Reached skill 10 in Translocations
 42402 | Vault:2  | Learned a level 3 spell: Regeneration
 42796 | Vault:3  | Found a staircase to the Crypt.
 43290 | Vault:4  | Noticed Wayne
 43309 | Vault:4  | Defeated Wayne
 43379 | Vault:4  | Noticed Frederick
 43382 | Vault:4  | Defeated Frederick
 43566 | Vault:4  | Reached XP level 19. HP: 90/108 MP: 24/37
 43716 | Vault:4  | Noticed Frances
 43723 | Vault:4  | Defeated Frances
 44358 | Crypt:1  | Entered Level 1 of the Crypt
 45737 | Crypt:1  | Learned a level 7 spell: Orb of Destruction
 46119 | Crypt:2  | Reached skill 10 in Short Blades
 46772 | Crypt:2  | Reached skill 14 in Conjurations
 47046 | Crypt:3  | Found a staircase to the Tomb.
 47058 | Crypt:3  | Noticed Mara
 47081 | Crypt:3  | Defeated Mara
 47081 | Crypt:3  | Reached XP level 20. HP: 113/113 MP: 37/37
 48435 | Crypt:5  | Entered Level 5 of the Crypt
 48945 | Crypt:4  | Got a jewelled short sword
 48946 | Crypt:4  | Identified the short sword "Poqism" {holy, EV+2 Str+3} (You found it on level 4 of the Crypt)
 49634 | Crypt:4  | You fall through a shaft!
 50120 | Crypt:4  | Got a steaming zirconium amulet
 50121 | Crypt:4  | Identified the amulet "Thruocunuch" (You acquired it on level 4 of the Crypt)
 51336 | Crypt:5  | Reached XP level 21. HP: 118/118 MP: 20/38
 51431 | Crypt:5  | Got a fine dagger
 51447 | Crypt:5  | Identified the dagger of Cetonwut {slay orc, rElec} (You found it on level 5 of the Crypt)
 51952 | Crypt:5  | Noticed an ancient lich
 51952 | Crypt:5  | Noticed an ancient lich
 51984 | Crypt:5  | Got a pair of faintly humming gloves
 52012 | Crypt:5  | Identified the cursed +0 pair of gloves of Brasm (You found it on level 5 of the Crypt)
 52721 | Lair:2   | Bought a book of the Warp for 1350 gold pieces
 52731 | Lair:2   | Learned a level 7 spell: Controlled Blink
 52820 | D:9      | Learned a level 2 spell: Blink
 53796 | Vault:5  | Got a warped bow
 53797 | Vault:5  | Identified the cursed bow of Ragnarok {evade} (You found it on level 5 of the Vaults)
 53937 | Vault:5  | Noticed Francis
 53939 | Vault:5  | Defeated Francis
 54610 | Vault:6  | Found a staircase to the Hall of Blades.
 54631 | Vault:6  | Found a labyrinth entrance.
 54641 | Lab      | Entered a Labyrinth
 55150 | Lab      | Got a crude copper amulet
 55150 | Lab      | Got a glistering book
 55150 | Lab      | Got a levitating book
 55151 | Lab      | Identified the Book of the Many Moons (You found it in a Labyrinth)
 55151 | Lab      | Identified Norris' Disquisition on Infatuation (You found it in a Labyrinth)
 55158 | Lab      | Learned a level 2 spell: Swiftness
 55171 | Lab      | Identified the amulet "Qisch" (You found it in a Labyrinth)
 55436 | Vault:6  | Reached skill 1 in Necromancy
 55954 | Vault:6  | Reached XP level 22. HP: 120/120 MP: 38/39
 57107 | D:19     | Got a pair of transparent boots
 57111 | D:19     | Identified the +3 pair of boots of Nuutrom (You found it on level 19 of the Dungeon)
 57382 | D:19     | Reached skill 10 in Stealth
 57694 | D:19     | Reached skill 15 in Translocations
 57719 | D:20     | Entered Level 20 of the Dungeon
 59010 | D:21     | Reached XP level 23. HP: 128/128 MP: 39/39
 59090 | D:21     | Found a one-way gate to the infinite horrors of the Abyss.
 59222 | D:21     | Found a gateway to Hell.
 59997 | D:22     | Found a bloodstained altar of Trog.
 60064 | D:22     | Found a one-way gate leading to the halls of Pandemonium.
 61495 | D:24     | Got a black ring
 61496 | D:24     | Identified the ring of Shadows (You found it on level 24 of the Dungeon)
 61872 | D:25     | Entered Level 25 of the Dungeon
 62906 | D:26     | Noticed Xtahua
 62913 | D:26     | Defeated Xtahua
 63115 | D:26     | Learned a level 4 spell: Flight
 63282 | D:26     | Reached XP level 24. HP: 113/137 MP: 38/41
 63804 | D:27     | Entered Level 27 of the Dungeon
 64284 | D:27     | Reached skill 5 in Shields
 64408 | D:27     | Found a gateway to a ziggurat.
 66179 | Snake:5  | Got a serpentine rune of Zot
 66460 | Shoal:1  | Entered Level 1 of the Shoals
 66461 | Shoal:1  | Noticed Nikola
 66472 | Shoal:1  | Defeated Nikola
 66696 | Shoal:1  | Found Ezxylus' General Store.
 66845 | Shoal:5  | Found Ghyhun's Magical Wand Shop.
 66845 | Shoal:5  | Entered Level 5 of the Shoals
 66848 | Shoal:5  | Found Xefib's Antique Armour Boutique.
 66909 | Shoal:5  | Bought a shiny shield for 162 gold pieces
 66909 | Shoal:5  | Bought an embroidered robe for 25 gold pieces
 67107 | Shoal:5  | Learned a level 1 spell: Apportation
 67429 | Shoal:5  | Got a bloodstained ring mail
 67440 | Shoal:5  | Identified the +2 ring mail "Creera" (You found it on level 5 of the Shoals)
 67508 | Shoal:5  | Reached skill 5 in Air Magic
 67604 | Shoal:5  | Got a barnacled rune of Zot
 68228 | Vault:8  | Entered Level 8 of the Vaults
 68243 | Vault:8  | Reached XP level 25. HP: 141/141 MP: 41/41
 68365 | Vault:8  | A death drake changed into a shining eye
 68376 | Vault:8  | A shining eye shaped shifter changed into a pulsating lump
 68378 | Vault:8  | Defeated a pulsating lump shaped shifter
 68508 | Vault:8  | An acid blob changed into a golden dragon
 68510 | Vault:8  | A golden dragon shaped shifter changed into an acid blob
 68886 | Vault:8  | Got a wavering garnet amulet
 68888 | Vault:8  | Got a blackened book
 68889 | Vault:8  | Identified the Book of Icy Confrontation (You found it on level 8 of the Vaults)
 68904 | Vault:8  | Got a silver rune of Zot
 68942 | Vault:8  | Identified the amulet "Fitaczur" (You found it on level 8 of the Vaults)
 68961 | Vault:8  | A cyclops changed into a guardian serpent
 68965 | Vault:8  | Noticed a deep elf sorcerer
 68965 | Vault:8  | Noticed a deep elf sorcerer
 68965 | Vault:8  | Noticed a skeletal dragon
 68965 | Vault:8  | Noticed a shining eye
 68974 | Vault:8  | A shining eye changed into a pulsating lump
 68989 | Vault:8  | Found Shiare Selu's Distillery.
 68998 | Vault:8  | Bought a potion of heal wounds for 42 gold pieces
 69006 | Vault:8  | Got a yellowed book
 69019 | Vault:8  | A hill giant shaped shifter changed into a shining eye
 69026 | Vault:8  | A shining eye shaped shifter changed into a deep troll
 69041 | Vault:7  | Identified Sif Muna's Compendium of Transmutation (You found it on level 8 of the Vaults)
 69359 | D:14     | Bought a scroll of teleportation for 57 gold pieces
 69359 | D:14     | Bought a scroll of magic mapping for 66 gold pieces
 69359 | D:14     | Bought a scroll of teleportation for 57 gold pieces
 69566 | D:5      | Bought a scroll of recharging for 60 gold pieces
 69566 | D:5      | Bought a scroll of magic mapping for 42 gold pieces
 69566 | D:5      | Bought a scroll of enchant weapon I for 57 gold pieces
 69835 | Lair:6   | Bought a scroll of enchant armour for 48 gold pieces
 69835 | Lair:6   | Bought a scroll of magic mapping for 35 gold pieces
 69908 | Lair:2   | Learned a level 5 spell: Phase Shift
 70274 | Zot:1    | Entered Level 1 of the Realm of Zot
 70380 | Zot:5    | Entered Level 5 of the Realm of Zot
 70398 | Zot:5    | Noticed an orb of fire
 70398 | Zot:5    | Noticed an orb of fire
 70398 | Zot:5    | Noticed an orb of fire
 70398 | Zot:5    | Noticed an ancient lich
 70400 | Zot:5    | Noticed an ancient lich
 70407 | Zot:5    | Got the Orb of Zot
 70413 | Zot:5    | Gained mutation: Your digestive system is specialised to digest meat.
 70414 | Zot:5    | Gained mutation: Armour fits poorly on your deformed body.
 70697 | D:18     | Noticed Xyhyvu the pandemonium lord
 70955 | D:4      | Noticed Fysmiugoyf the pandemonium lord
 71043 | D:1      | Gained mutation: Your magical capacity is low (-10% MP).
 71043 | D:$      | Escaped with the Orb!
